 Dungeon Crawl Stone Soup version 0.30.1-9-gdf580d7c3d (webtiles) character file.

Game seed: 11763183617623187604

382 Nekuux the Scratcher (level 6, -3/28 HPs)
             Began as a Felid Berserker on Oct 3, 2023.
             Was a Believer of Trog.
             Slain by a gnoll bouda
             ... wielding a +0 whip
              (9 damage)
             ... on level 5 of the Dungeon.
             The game lasted 00:10:59 (3489 turns).

Nekuux the Scratcher (Felid Berserker)              Turns: 3489, Time: 00:10:59

Health: -3/28      AC:  2    Str: 16    XL:     6   Next: 47%
Magic:  7/7        EV: 20    Int: 11    God:    Trog [**....]
Gold:   270        SH:  0    Dex: 18    Spells: 5/5 levels left
                                        Lives:  0   Deaths: 2

rFire   . .          .
                       - Unarmed
rCold   . . .        (shield unavailable)
rNeg    . . .        (body armour unavailable)
rPois   .            (helmet unavailable)
rElec   .            (cloak unavailable)
rCorr   .            (gloves unavailable)
SInv    +            (boots unavailable)
Will    ++...        m - amulet "Wumuf" {RegenMP Str+3 Int+3}
Stlth   ++           (no ring)
HPRegen 1.24/turn    (no ring)
MPRegen 0.50/turn

%: no passive effects
@: weakened, strong-willed, regenerating, quick
A: very small, claws 1, fangs 3, see invisible, speed 1, shaggy fur 2, stealthy
paws, no weapons or thrown items, no armour, multi-lived
a: Renounce Religion, Berserk, Trog's Hand


You were on level 5 of the Dungeon.
You worshipped Trog.
Trog was pleased with you.
You visited 1 branch of the dungeon, and saw 5 of its levels.
You also visited: Sewer.

You collected 270 gold pieces.

Inventory:

Jewellery
 m - the amulet "Wumuf" (around neck) {RegenMP Str+3 Int+3}
   (You found it on level 3 of the Dungeon)

   [amulet of magic regeneration]

   It increases your rate of magic regeneration.
   Str:       It affects your strength (+3).
   Int:       It affects your intelligence (+3).
 t - an amulet of regeneration
Wands
 o - a wand of iceblast (12)
 r - a wand of polymorph (6)
Scrolls
 a - 7 scrolls of identify {unknown}
 d - 2 scrolls of immolation {unknown}
 f - 6 scrolls of teleportation {unknown}
 h - a scroll of enchant weapon {unknown}
 l - a scroll of poison {unknown}
 n - 2 scrolls of fog {unknown}
 q - a scroll of fear {unknown}
 s - a scroll of magic mapping {unknown}
Potions
 b - a potion of lignification {unknown}
 c - 2 potions of invisibility {unknown}
 e - a potion of attraction {unknown}
 g - 3 potions of haste {unknown}
 i - 2 potions of curing {unknown}
 j - a potion of cancellation {unknown}
 k - a potion of flight {unknown}
 p - a potion of resistance {unknown}


   Skills:
 * Level 4.2 Fighting
 + Level 5.3 Dodging
 - Level 1.0 Stealth
 * Level 7.5 Unarmed Combat


You had 5 spell levels left.
You didn't know any spells.
Your spell library was empty.

Dungeon Overview and Level Annotations

Branches:
Dungeon (5/15)             Temple (0/1) D:5           Sewer (visited)

Altars:
Elyvilon
Gozag
Hepliaklqana
Makhleb
Yredelemnul
Zin

Shops:
D:2 (   D:5 (


Innate Abilities, Weirdness & Mutations

You have sharp claws.
You have razor-sharp teeth.
You have supernaturally acute eyesight. (SInv)
You cover ground quickly. (Speed+)
You are covered in thick fur. (AC +2)
Your paws help you pounce on unaware monsters.
You are incapable of wielding weapons or throwing items.
You cannot wear armour.
You gain extra lives every three experience levels.


Message History

The gnoll misses you.
A gnoll comes into view. It is wielding a +0 flail.
You closely miss the gnoll. The gnoll closely misses you.
You claw the gnoll!
The gnoll is almost dead.
The gnoll hits you with a +0 halberd!
Ouch! That really hurt!
You claw the gnoll!
You kill the gnoll!
Trog accepts your kill.
Found a staircase to the Ecumenical Temple.
A gnoll bouda comes into view. It is wielding a +0 whip.
The gnoll closely misses you.
You see here a +0 halberd.
The gnoll bouda shouts!
You scratch the gnoll. You claw the gnoll, but do no damage.
The gnoll is moderately wounded.
You completely miss the gnoll.
The gnoll is moderately wounded.
The gnoll barely misses you.
The gnoll bouda barks out a call to the hunt!
The gnolls pick up the pace!
The gnoll shouts!
You scratch the gnoll.
The gnoll is moderately wounded.
The gnoll hits you with a +0 flail.
You claw the gnoll!
You kill the gnoll!
Trog accepts your kill.
The gnoll bouda gazes fiercely through you!
You feel your attacks grow feeble.
A scorpion comes into view.
Your skin crawls.
You feel strong-willed.
You scratch the gnoll bouda but do no damage.
A quokka comes into view.
The gnoll hits you with a +0 spear.
* * * LOW HITPOINT WARNING * * *
The gnoll bouda hits you with a +0 whip!
You die...

...# #....#♣.♣#
...##+ #....#P.P#
...>... #
#....#♣.♣# .......
.. #....#P.P#
.......! ...
+....#♣.♣# ........
.... #....##.#
........
.....#....##.###
.......
........g......#
...... .#g@)......#
#####.
.......+##.........
...r.#. #.........
.... s. #..........
.>. .#. #..........
.. .... #..........
. .. #. #.........
... .. #........


You could see a gnoll bouda, a scorpion, a gnoll (swift) and a quokka
(wandering).

Vanquished Creatures
  Pargi (Sewer)
  A black bear (D:4)
  A jelly (D:5)
  2 scorpions
  An orc priest (D:4)
  A gnoll bouda (D:5)
  A hound (D:4)
  An iguana (D:5)
  10 gnolls
  3 adders
  4 worms
  A dart slug (D:3)
  10 orcs
  10 ball pythons
  5 bats
  3 endoplasms
  5 giant cockroaches
  6 goblins
  7 hobgoblins
  4 quokkas
  8 frilled lizards
  9 kobolds
  5 rats
99 creatures vanquished.

Notes
Turn   | Place    | Note
-------+----------+-------------------------------------------
     0 | D:1      | Nekuux the Felid Berserker began the quest for the Orb.
     0 | D:1      | Reached XP level 1. HP: 10/10 MP: 2/2
   140 | D:1      | Found a faded altar of an unknown god.
   279 | D:1      | Reached XP level 2. HP: 14/14 MP: 3/3
   459 | D:1      | Reached ** piety under Trog
   774 | D:2      | Reached XP level 3. HP: 12/17 MP: 4/4
   850 | D:2      | Found Zugginkui's Weapon Shoppe.
  1056 | D:2      | Found a basalt altar of Yredelemnul.
  1347 | D:3      | Found an opulent altar of Gozag.
  1353 | D:3      | Found a hazy altar of Hepliaklqana.
  1429 | D:3      | Reached skill level 4 in Unarmed Combat
  1556 | D:3      | Identified the +10 mace of the Sky {heavy, Str+4}
  1575 | D:3      | Reached skill level 1 in Stealth
  1579 | D:3      | Reached XP level 4. HP: 8/21 MP: 5/5
  1580 | D:3      | Slain by a gnoll
  1581 | D:3      | Reached XP level 3. HP: 0/25 MP: 4/4
  1602 | D:3      | Identified the amulet "Wumuf" {RegenMP Str+3 Int+3}
  1877 | D:3      | Found a white marble altar of Elyvilon.
  2007 | D:3      | Reached XP level 4. HP: 11/21 MP: 5/5
  2022 | D:3      | Found a glowing drain.
  2030 | Sewer    | Entered a sewer
  2134 | Sewer    | Noticed Pargi
  2147 | Sewer    | Killed Pargi
  2148 | Sewer    | Reached skill level 5 in Unarmed Combat
  2148 | Sewer    | Reached XP level 5. HP: 25/25 MP: 6/6
  2400 | D:4      | Reached skill level 5 in Dodging
  2400 | D:4      | Reached skill level 6 in Unarmed Combat
  2400 | D:4      | Gained mutation: You are covered in thick fur. (AC +2)
                  | [Felid growth]
  2400 | D:4      | Reached XP level 6. HP: 9/28 MP: 7/7
  2726 | D:4      | Found a burning altar of Makhleb.
  2892 | D:4      | Found a glowing silver altar of Zin.
  2960 | D:5      | Entered Level 5 of the Dungeon
  3182 | D:5      | Found Gyhior's Weapon Shop.
  3182 | D:5      | Noticed a +0 quick blade
  3182 | D:5      | Noticed a +0 lajatang
  3193 | D:5      | Reached skill level 7 in Unarmed Combat
  3198 | D:5      | HP: 2/42 [acid (5)]
  3200 | D:5      | Reached XP level 7. HP: 2/32 MP: 8/8
  3212 | D:5      | Slain by a hound
  3213 | D:5      | Reached XP level 6. HP: -1/28 MP: 7/7
  3482 | D:5      | Found a staircase to the Ecumenical Temple.
  3489 | D:5      | Slain by a gnoll bouda

Illustrated notes

Levels and vault maps discovered:
D:1:      beargit_arrival_greenhouse, layout_loops_ring,
          hellmonk_ecumenical_altar_arch_garden
D:2:      layout_loops_ring, serial_shops, nicolae_diamond_shop, basic_altar
D:3:      layout_loops_ring, mainiacjoe_overflow_tiny_flanked,
          grunt_temple_overflow_open, gup_sewer_entry_spiral,
          minmay_misc_feat_roman
D:4:      layout_cave_pools, bloody_makhleb, zin_scriptorium
D:5:      layout_gridville, minmay_temple_entry_glass, serial_shops,
          nicolae_shop_mannequins, dreamdust_princess_corridor

Skill      XL: |  1  2  3  4  5  6 |
---------------+-------------------+-----
Unarmed Combat | 4 5 6 7 |  7.5
Stealth        | 1 |  1.0
Dodging        | 5 |  5.3
Fighting       | 4 |  4.2

Action                     |  1- 3 |  4- 6 |  7- 9 || total
---------------------------+-------+-------+-------++-------
  Melee: Unarmed           |   179 |   120 |     3 ||   302
         Bite              |    15 |    11 |     1 ||    27
         Punch             |     3 |     4 |     1 ||     8
 Invoke: Berserk           |     2 |     6 |       ||     8
         Trog's Hand       |     1 |     1 |     1 ||     3
   Stab: Sleeping          |     3 |     3 |       ||     6
 Armour: Skin              |     3 |     3 |       ||     6
  Dodge: Dodged            |   163 |   104 |     5 ||   272
